 Dungeon Crawl Stone Soup version 0.20.1-1-g8b1a95d (console) character file.

805 Kloppie the Ducker (level 7, -5/57 HPs)
             Began as a Merfolk Gladiator on July 29, 2017.
             Killed from afar by Ijyb (14 damage)
             ... with a wand of acid (?/15)
             ... on level 4 of the Dungeon.
             The game lasted 00:05:26 (4362 turns).

Kloppie the Ducker (Merfolk Gladiator)              Turns: 4362, Time: 00:05:26

Health: -5/57      AC:  7    Str: 14    XL:     7   Next: 91%
Magic:  7/7        EV: 17    Int:  7    God:
Gold:   157        SH:  0    Dex: 18    Spells: 6/6 levels left

rFire    + . .     SeeInvis .   a - +2 long sword
rCold    . . .     Gourm    +   (no shield)
rNeg     . . .     Faith    .   b - +0 leather armour
rPois    .         Spirit   .   c - +1 helmet
rElec    .         Reflect  .   (no cloak)
rCorr    .         Harm     .   e - +0 pair of gloves
MR       .....                  t - +0 pair of boots
Stlth    +.........             p - amulet of the gourmand
Regen    0.2/turn               q - ring of protection from fire
MPRegen  0.1/turn               (no ring)

@: no status effects
A: change form in water, swift swim, stealthy swim
a: no special abilities


You were on level 4 of the Dungeon.
You were full.

You visited 1 branch of the dungeon, and saw 4 of its levels.
You also visited: Ossuary.

You collected 157 gold pieces.

Inventory:

Hand Weapons
 a - a +2 long sword (weapon)
Armour
 b - a +0 leather armour (worn)
 c - a +1 helmet (worn)
 e - a +0 pair of gloves (worn)
 t - a +0 pair of boots (worn)
Jewellery
 p - an amulet of the gourmand (around neck)
 q - a ring of protection from fire (left hand)
Wands
 s - a wand of iceblast (8/15)
Scrolls
 k - 2 scrolls of fog
 w - a scroll of teleportation
 x - a scroll of remove curse
 y - a scroll of amnesia {unknown}
Potions
 g - a potion of heal wounds
 h - a potion of berserk rage {unknown}
 i - 4 potions of flight
 l - 2 potions of brilliance
 m - a potion of might {unknown}
 n - 2 potions of mutation {unknown}
 o - a potion of agility {unknown}
 r - a potion of haste {unknown}
 v - a potion of resistance {unknown}
Comestibles
 d - a meat ration
 f - 2 bread rations
 j - 6 fruits
 u - a royal jelly


   Skills:
 + Level 5.7 Fighting
 + Level 6.3 Long Blades
 - Level 2.0 Throwing
 + Level 7.7 Dodging


You had 6 spell levels left.
You didn't know any spells.

Dungeon Overview and Level Annotations

Branches:
Dungeon (4/15)
 Temple: D:4-7

Altars:
Fedhas

Annotations:
D:4 Ijyb, Pikel


Message History

The ball python bites you but does no damage.
The ball python barely misses you. 3 slaves and a skeleton come into view.
Pikel shouts!
The slave shouts! x3
You slash Ijyb!
Ijyb is moderately wounded.
Ijyb zaps a wand.
The bolt of acid hits you!
You are splashed with acid!
The acid burns!
It is a wand of acid (?/15).
Pikel says, "You'll feel the lick of my whip!"
The ball python misses you. The ball python completely misses you.
Ijyb zaps a wand.
The bolt of acid hits the ball python.
The ball python is splashed with acid.
The ball python dies!
The bolt of acid hits you!
* * * LOW HITPOINT WARNING * * *
You are splashed with acid!
The acid burns!
* * * LOW HITPOINT WARNING * * *
There is an open door here.
Ijyb zaps a wand.
The bolt of acid hits you!
You die...

......≈≈≈≈≈♣......#........,,,,,*
§.≈...≈≈≈≈≈♣##...##........,,,,,*
.P≈≈...≈≈≈P≈##...##........,,,,,*
♣P≈≈...≈≈≈≈P≈....#.........,,,,,*
♣≈≈...≈≈≈≈≈≈≈≈...#.........,,,,,*
♣≈≈≈..≈≈≈≈≈≈≈♣...'.........,,,,,*
**≈≈,,.P≈≈≈≈≈♣...##........,,,,,*
**≈≈≈,.≈≈P≈≈≈♣##'##########*,,,,*
*≈≈≈,,≈≈≈≈≈≈≈♣..@#.........*,,,,*
*≈≈≈,,..≈≈≈≈≈♣...'.........+,,,,*
*≈≈≈,,.≈≈≈♣♣≈#...#.........*,<,,*
,**≈≈,,,≈***######g........******
,,≈*≈,,≈*,,.......Z........*
,,,≈≈,,,,,,....(...........*
,,,≈≈,,,,,,.....Z...p......*
>,,,,,,,,,,........p..Kp...*
,,,,,,,,,,,...........p....*


You could see Pikel, 2 slaves and Ijyb.

Vanquished Creatures
  Sigmund (D:3)
  2 elf zombies (Ossuary)
  The ghost of Satyr the Chiller, a weakling BaIE (D:4)
  A centaur zombie (Ossuary)
  2 human zombies (Ossuary)
  3 big kobold zombies (Ossuary)
  2 mummies (Ossuary)
  8 adders
  12 gnolls
  4 worms (D:2)
  3 dart slugs
  4 leopard geckos
  A ball python (D:3)
  3 giant cockroaches (D:1)
  6 hobgoblins
  4 jackals (D:2)
  7 kobolds
  A quokka (D:2)
  9 bats
  5 frilled lizards
  7 goblins
  13 hobgoblin zombies (Ossuary)
  6 kobold zombies (Ossuary)
  9 orc zombies (Ossuary)
  4 rats
  A rat zombie (Ossuary)
119 creatures vanquished.

Vanquished Creatures (others)
  A ball python (D:4)
1 creature vanquished.

Grand Total: 120 creatures vanquished

Notes
Turn   | Place    | Note
-------+----------+-------------------------------------------
     0 | D:1      | Kloppie the Merfolk Gladiator began the quest for the Orb.
     0 | D:1      | Reached XP level 1. HP: 16/16 MP: 1/1
   165 | D:1      | Reached XP level 2. HP: 23/23 MP: 2/2
   426 | D:1      | Reached XP level 3. HP: 25/28 MP: 3/3
  1005 | D:2      | Reached XP level 4. HP: 11/35 MP: 4/4
  1317 | D:2      | Reached skill level 5 in Dodging
  1636 | D:2      | Reached XP level 5. HP: 32/41 MP: 5/5
  2961 | D:3      | Noticed Sigmund
  2990 | D:3      | Killed Sigmund
  2990 | D:3      | Reached skill level 5 in Long Blades
  2990 | D:3      | Reached skill level 6 in Dodging
  2990 | D:3      | Reached XP level 6. HP: 3/49 MP: 6/6
  3394 | D:3      | Found a blossoming altar of Fedhas.
  3598 | D:4      | Noticed Satyr's ghost (weakling BaIE)
  3621 | D:4      | Killed Satyr's ghost
  3621 | D:4      | Reached XP level 7. HP: 33/55 MP: 7/7
  3671 | D:4      | Found a sand-covered staircase.
  3682 | Ossuary  | Entered an ossuary
  3818 | Ossuary  | Reached skill level 5 in Fighting
  3832 | Ossuary  | Reached skill level 7 in Dodging
  4355 | D:4      | Noticed Ijyb
  4357 | D:4      | Noticed Pikel
  4362 | D:4      | Killed from afar by Ijyb

Skill      XL: |  1  2  3  4  5  6  7 |
---------------+----------------------+-----
Long Blades    | 4 5 6 |  6.3
Fighting       | 3 4 5 |  5.7
Dodging        | 5 6 7 |  7.7
Throwing       | |  2.0

Action                   |  1- 3 |  4- 6 |  7- 9 || total
-------------------------+-------+-------+-------++-------
Melee: Long sword        |    69 |   206 |   167 ||   442
Throw: Throwing net      |     1 |     4 |       ||     5
  Use: Scroll            |       |     3 |     8 ||    11
 Stab: Held in net/web   |       |     4 |       ||     4
       Sleeping          |       |       |     3 ||     3
  Eat: Chunk             |       |    26 |       ||    26
Armor: Leather armour    |    14 |    39 |    26 ||    79
Dodge: Dodged            |    55 |   162 |    97 ||   314
       Rpst.: Long sword |    23 |    45 |    31 ||    99
